 Dungeon Crawl Stone Soup version 0.19.6-3-g7d5932f76a (webtiles) character file.

291 Morbidden the Sneak (level 6, -9/46 HPs)
             Began as a Demonspawn Assassin on Nov 3, 2020.
             Killed by nerve-wracking pain
             ... invoked by Grinder
              (14 damage)
             ... on level 5 of the Dungeon.
             The game lasted 00:11:02 (4501 turns).

Morbidden the Sneak (Demonspawn Assassin)           Turns: 4501, Time: 00:11:03

Health: -9/46      AC:  4    Str:  9 (12) XL:     6   Next: 10%
Magic:  9/9        EV: 13    Int: 11 (14) God:
Gold:   51         SH:  0    Dex: 12 (14) Spells: 0 memorised, 9 levels left

rFire  . . .     SeeInvis .     b - +0 blowgun
rCold  . . .     Gourm    .     p - +0 leather armour
rNeg   . . .     Faith    .     (no shield)
rPois  .         Spirit   .     (no helmet)
rElec  .         Reflect  .     d - +0 cloak
rCorr  +         Harm     .     (no gloves)
MR     .....                    (no boots)
Stlth  +++.......               (no amulet)
                                (no ring)
                                j - ring of resist corrosion

@: exhausted, slowed, very slow
A: claws 1, repulsion field 1, nightstalker 1
a: no special abilities


You were on level 5 of the Dungeon.
You were hungry.

You visited 1 branch of the dungeon, and saw 5 of its levels.

You collected 183 gold pieces.
You spent 132 gold pieces at shops.

Inventory:

Hand Weapons
 b - a +0 blowgun (weapon)
Missiles
 e - 11 poisoned needles (quivered)
 l - 51 stones
 y - 2 tomahawks
Armour
 d - a +0 cloak (worn)
 p - a +0 leather armour (worn)
Jewellery
 j - a ring of resist corrosion (left claw)
Scrolls
 i - a scroll of amnesia
 m - 4 scrolls of identify
Potions
 k - 2 potions of brilliance
 w - a potion of magic
Comestibles
 a - a beef jerky
 g - 2 bread rations
 o - a royal jelly
 s - 2 meat rations
 u - a slice of pizza


   Skills:
 * Level 2.9 Fighting
   Level 1.9 Short Blades
 + Level 2.6 Throwing
 + Level 1.0 Armour
 + Level 1.6 Dodging
 + Level 4.2 Stealth
 * Level 2.6 Unarmed Combat
 * Level 2.0 Spellcasting


You had 9 spell levels left.
You didn't know any spells.

Dungeon Overview and Level Annotations

Branches:
Dungeon (5/15)
 Temple: D:4-7

Altars:
Elyvilon
Gozag
Kikubaaqudgha
Nemelex Xobeh
Ru
Vehumet

Shops:
D:4 !

Annotations:
D:4 exclusion: phantom
D:5 Grinder


Innate Abilities, Weirdness & Mutations

You have sharp fingernails.
You are surrounded by a mild repulsion field. (EV +2)
You are slightly more attuned to the shadows.


Message History

Firing (i - inventory. (,) - cycle):
f - a curare-tipped needle (quivered)
Press: ? - help, Shift-Dir - straight line, f/p - Grinder
Aim: Grinder (lightly wounded)
You shoot a curare-tipped needle. The curare-tipped needle hits Grinder.
Grinder is lightly wounded.
You see here a curare-tipped needle.
f - a curare-tipped needle Firing (i - inventory. (,) - cycle):
f - a curare-tipped needle (quivered)
Press: ? - help, Shift-Dir - straight line, f/p - Grinder
Aim: Grinder (lightly wounded)
You shoot a curare-tipped needle.
The curare-tipped needle closely misses Grinder.
Grinder hits you but does no damage. Grinder gestures at you.
Pain shoots through your body!
* * * LOW HITPOINT WARNING * * *
Unknown command.
Grinder gestures at you. Pain shoots through your body!
You die...

#...#.# .(#
#####.#.#.###..####
....................
.#####...#..##§.....
#........§§....
####......##§.....
...........# ......
####.....#§# ......
#.@#..#.# ......
###.....#.# .((.(.
......5....# !##.##
####.##.#### #. #.#
#. #.# #. #(# #.#
#.#


You could see Grinder.

Vanquished Creatures
  A scorpion (D:4)
  2 orc wizards (D:4)
  A killer bee zombie (D:5)
  4 adders
  An ooze (D:4)
  An adder skeleton (D:4)
  3 worms
  4 dart slugs
  2 leopard geckos (D:2)
  14 orcs
  3 ball pythons
  8 bats
  A giant cockroach (D:2)
  12 goblins
  6 hobgoblins
  2 jackals (D:2)
  4 quokkas
  9 frilled lizards
  6 kobolds
  9 rats
93 creatures vanquished.

Vanquished Creatures (others)
  A hound (D:5)
1 creature vanquished.

Grand Total: 94 creatures vanquished

Notes
Turn   | Place    | Note
-------+----------+-------------------------------------------
     0 | D:1      | Morbidden the Demonspawn Assassin began the quest for the Orb.
     0 | D:1      | Reached XP level 1. HP: 16/16 MP: 1/1
   238 | D:1      | Gained mutation: You have sharp fingernails. [demonic ancestry]
   238 | D:1      | Reached XP level 2. HP: 16/22 MP: 2/2
   286 | D:1      | Reached skill level 1 in Dodging
   825 | D:2      | Reached skill level 4 in Stealth
   825 | D:2      | Gained mutation: You are surrounded by a mild repulsion field. (EV +2) [demonic ancestry]
   825 | D:2      | Reached XP level 3. HP: 9/27 MP: 4/4
  1026 | D:2      | Reached skill level 1 in Spellcasting
  1410 | D:2      | Found a white marble altar of Elyvilon.
  1570 | D:2      | Found a radiant altar of Vehumet.
  1633 | D:2      | Gained mutation: You are slightly more attuned to the shadows. [demonic ancestry]
  1633 | D:2      | Reached XP level 4. HP: 25/34 MP: 5/5
  2280 | D:2      | Found a faded altar of an unknown god.
  2284 | D:2      | Found a sacrificial altar of Ru.
  2286 | D:2      | Found a faded altar of an unknown god.
  2287 | D:2      | Found a faded altar of an unknown god.
  2290 | D:2      | Found an ancient bone altar of Kikubaaqudgha.
  2452 | D:3      | Reached skill level 1 in Unarmed Combat
  3516 | D:4      | Found a sparkling altar of Nemelex Xobeh.
  3544 | D:4      | Noticed a phantom
  3573 | D:4      | Reached XP level 5. HP: 39/39 MP: 7/7
  3661 | D:4      | Found Dunaz's Distillery.
  3664 | D:4      | Bought a potion of heal wounds for 60 gold pieces
  3664 | D:4      | Bought 2 potions of curing for 72 gold pieces
  3900 | D:4      | Reached skill level 1 in Armour
  3900 | D:4      | Reached XP level 6. HP: 25/46 MP: 7/9
  4397 | D:5      | Entered Level 5 of the Dungeon
  4414 | D:5      | Found an opulent altar of Gozag.
  4448 | D:5      | Noticed Grinder
  4501 | D:5      | Killed from afar by Grinder

Skill      XL: |  1  2  3  4  5 |
---------------+----------------+-----
Dodging        | 1 |  1.6
Throwing       | 2 |  2.6
Stealth        | 4 |  4.2
Spellcasting   | 1 2 |  2.0
Unarmed Combat | 1 2 |  2.6
Armour         | 1 |  1.0
Fighting       | |  2.9
Short Blades   | |  1.9

Action                   |  1- 3 |  4- 6 || total
-------------------------+-------+-------++-------
Melee: Dagger            |    21 |       ||    21
       Unarmed           |    71 |   246 ||   317
       Punch             |       |     1 ||     1
 Fire: Blowgun           |    24 |    26 ||    50
Throw: Stone             |    55 |    45 ||   100
  Use: Potion            |       |     7 ||     7
       Scroll            |       |     6 ||     6
 Stab: Sleeping          |     4 |    11 ||    15
  Eat: Chunk             |     2 |     9 ||    11
Armor: Robe              |     9 |       ||     9
       Leather armour    |     7 |    38 ||    45
Dodge: Dodged            |    67 |   151 ||   218
